cohdb
Replays
Latest Replays
All Replays
Popular Replays
Top Player Replays
Match Explorer
How It Works
Community
CoH3 Stats
Reddit
Sign in to upload your games and track your stats! →
Sign in with Steam
Match 19902175
Unlisted
Match 19902175
Overview
Messages
Build Orders
End
Construct Section Command Post
Royal Engineer Section
Dingo Light Scout Car
ML 3-inch Mortar Team
Infantry Section
Infantry Section
Construct Platoon Command Post
Selects Air and Sea Battlegroup
Selects Supply Surplus
Construct Resource Cache
Humber Armored Car
Humber Armored Car
Construct Field Infirmary
Light Vehicle Training
Selects Centaur Medium Tank
Selects Assault Flares
Assault Flares
Centaur Medium Tank
Selects Commando Section Paradrop
Assault Flares
Commando Section Paradrop
Centaur Medium Tank
Selects M1 Pack Howitzer Paradrop
Infantry Section
Assault Flares
Selects Anti-tank Rocket Loiter
Assault Flares
Construct Company Command Post
CMP 15cwt Truck
M1 Pack Howitzer Paradrop
Matilda II Heavy Tank
Assault Flares
Infantry Training
RON
Tasty
Cpt. Zugluft
Folscher
0
0
Comments
sign in to comment!
No comments posted yet!